 Dungeon Sprint DCSS version 0.32-a0-128-g77eb882913 (webtiles) character file.

Game seed: 10488088753726649935

2327 rocky1 the Covert (level 9, -2/68 HPs)
             Began as a Formicid Hunter on Feb 8, 2024.
             Was the Champion of Cheibriados.
             Killed from afar by an acid dragon (33 damage)
             ... with a splash of acid
             ... in the Dungeon (Sprint VII: "The Pits").
             The game lasted 00:07:31 (1678 turns).

rocky1 the Covert (Formicid Hunter)                 Turns: 1678, Time: 00:07:31

Health: -2/68      AC:  4    Str: 34    XL:     9   Next: 69%
Magic:  18/18      EV: 17    Int: 24    God:    Cheibriados [******]
Gold:   0          SH:  0    Dex: 36    Spells: 8/8 levels left

rFire   + . .        b - +2 scimitar (flame)
rCold   . . .        (no shield)
rNeg    . . .        m - +3 leather armour {rF+}
rPois   .            (helmet unavailable)
rElec   .            t - +0 cloak
rCorr   .            s - +0 pair of gloves
SInv    +            (no boots)
Will    .....        (no amulet)
Stlth   ++++++       n - +3 ring of evasion
HPRegen 0.31/turn    o - +3 ring of strength
MPRegen 0.16/turn

%: no passive effects
@: corroded, very slow
A: permanent stasis, dig shafts and tunnels, antennae 3, four strong arms
a: Dig, Renounce Religion, Bend Time, Temporal Distortion, Slouch, Step From
Time


You were in the Dungeon.
You worshipped Cheibriados.
Cheibriados was exalted by your worship.
You visited 1 branch

Inventory:

Hand Weapons
 a - a +0 orcbow
 b - a +2 scimitar of flaming (weapon)
 u - a +2 rapier of draining
Armour
 m - a +3 leather armour of fire resistance (worn)
 s - a +0 pair of gloves (worn)
 t - a +0 cloak (worn)
Jewellery
 n - a +3 ring of evasion (left hand)
 o - a +3 ring of strength (right hand)
Scrolls
 h - 2 scrolls of vulnerability
 i - 5 scrolls of amnesia
 j - a scroll of summoning
 l - a scroll of butterflies
Potions
 d - 7 potions of curing
 e - 10 potions of heal wounds
 f - 4 potions of magic
 g - a potion of invisibility
 p - a potion of might
 q - a potion of brilliance
 r - a potion of resistance


   Skills:
 + Level 5.4 Fighting
 + Level 10.3 Long Blades
 + Level 11.1 Ranged Weapons
 - Level 2.3 Dodging
 + Level 13.3 Stealth
 + Level 12.2 Invocations


You had 8 spell levels left.
You didn't know any spells.
Your spell library was empty.

Dungeon Overview and Level Annotations

Branches:
Dungeon (1/1)

Altars:
Ashenzari
Cheibriados
Dithmenos
Elyvilon
Fedhas
Gozag
Hepliaklqana
Kikubaaqudgha
Makhleb
Nemelex Xobeh
Okawaru
Qazlal
Ru
Sif Muna
Trog
Uskayaw
Vehumet
Wu Jian
Xom
Yredelemnul
Zin
The Shining One
Jiyva
Lugonu


Innate Abilities, Weirdness & Mutations

You cannot be hasted, slowed, berserked, paralysed or teleported.
You can dig through walls and to a lower floor.
You have a pair of large antennae on your head. (SInv)
Your four strong arms can wield two-handed weapons with a shield.


Message History

Done waiting.
You start waiting.
Done waiting.
You start waiting.
Done waiting.
Okay, then.
You open the door.
An acid dragon comes into view.
There is an open door here.
An orange demon and a black bear come into view.
The acid dragon bites you but does no damage.
The acid dragon closely misses you.
You hit the acid dragon but do no damage.
You drain the acid dragon.
The acid dragon is lightly wounded.
The acid dragon bites you but does no damage.
The acid dragon claws you but does no damage.
The acid dragon attacks as it pursues you!
The acid dragon closely misses you. The acid dragon barely misses you.
The acid dragon bites you. The acid dragon misses you.
There is an open door here.
The acid dragon spits acid at you. The splash of acid hits you!!
The acid corrodes you!
You hear a shout!
You hear a screech!
You hear an angry growl.
Unknown command.
a - a +0 orcbow (weapon)
The acid dragon bites you but does no damage.
The acid dragon claws you.
Your +2 scimitar of flaming bursts into flame!
b - a +2 scimitar of flaming (weapon)
Unknown command.
You closely miss the acid dragon.
The acid dragon is lightly wounded.
The acid dragon bites you! The acid dragon misses you.
You closely miss the acid dragon.
The acid dragon is lightly wounded.
The acid dragon spits acid at you. The splash of acid hits you!!
You die...
Cheibriados appreciates the motionlessness of death.

..<...##..# { ##.##
......##..# {##..)##
......##..####.....# {
......##...##......# #
########....'......+ .+
########...##......# ..#
.#!.[[##..####....)##.##{
.#...[##..# ##...##...##
.'..).##..##4 ##@##.....#
.#..))##..# #.{#D#...{...
.#..))##..# #{....{# {
########### ########


You could see an acid dragon (catching breath, drained).

Vanquished Creatures
  A smoke demon (D)
  A komodo dragon (D)
  A red devil (D)
  A tyrant leech (D)
  A glass eye (D)
  Duvessa (D)
  A sky beast (D)
  A black bear (D)
  A wolf (D)
  A centaur (D)
  An ogre (D)
  A weeping skull (D)
  A kobold brigand (D)
  Blork the orc (D)
  A scorpion (D)
  A small abomination (D)
  6 killer bees (D)
  A gnoll bouda (D)
  4 gnolls (D)
  An ufetubus (D)
  A ribbon worm (D)
  6 orcs (D)
  A giant cockroach (D)
  A goblin (D)
  2 hobgoblins (D)
  4 jackals (D)
  2 bats (D)
  A frilled lizard (D)
  A jackal skeleton (D)
  A quokka zombie (D)
48 creatures vanquished.

Notes
Turn   | Place    | Note
-------+----------+-------------------------------------------
     0 | D        | rocky1 the Formicid Hunter began the quest for the Orb.
     0 | D        | Reached XP level 1. HP: 16/16 MP: 1/1
    45 | D        | Found a bloodstained altar of Trog.
    45 | D        | Found a shimmering blue altar of Sif Muna.
    45 | D        | Found a viscous altar of Jiyva.
    45 | D        | Found a hazy altar of Hepliaklqana.
    45 | D        | Found an opulent altar of Gozag.
    46 | D        | Found a glowing golden altar of the Shining One.
    46 | D        | Found a glowing silver altar of Zin.
    46 | D        | Found a basalt altar of Yredelemnul.
    46 | D        | Found a shimmering altar of Xom.
    46 | D        | Found an ornate altar of the Wu Jian Council.
    46 | D        | Found a sacrificial altar of Ru.
    46 | D        | Found a stormy altar of Qazlal.
    46 | D        | Found an iron altar of Okawaru.
    46 | D        | Found a sparkling altar of Nemelex Xobeh.
    46 | D        | Found a burning altar of Makhleb.
    46 | D        | Found a blossoming altar of Fedhas.
    46 | D        | Found a white marble altar of Elyvilon.
    46 | D        | Found a shadowy altar of Dithmenos.
    46 | D        | Found a snail-covered altar of Cheibriados.
    49 | D        | Found a corrupted altar of Lugonu.
    49 | D        | Found a radiant altar of Vehumet.
    50 | D        | Found an ancient bone altar of Kikubaaqudgha.
    50 | D        | Found a hide-covered altar of Uskayaw.
    50 | D        | Found a broken altar of Ashenzari.
    57 | D        | Became a worshipper of Cheibriados the Contemplative
    79 | D        | Reached skill level 1 in Invocations
    80 | D        | Reached * piety under Cheibriados
   189 | D        | Reached skill level 1 in Long Blades
   189 | D        | Reached skill level 2 in Stealth
   189 | D        | Reached ** piety under Cheibriados
   308 | D        | Reached XP level 2. HP: 22/22 MP: 3/3
   309 | D        | Reached *** piety under Cheibriados
   313 | D        | Reached **** piety under Cheibriados
   318 | D        | Reached skill level 3 in Stealth
   375 | D        | Noticed a black bear
   376 | D        | Reached ***** piety under Cheibriados
   377 | D        | Reached XP level 3. HP: 27/27 MP: 3/5
   380 | D        | Reached skill level 5 in Ranged Weapons
   392 | D        | Killed a black bear
   393 | D        | Reached skill level 6 in Stealth
   393 | D        | Reached skill level 5 in Invocations
   393 | D        | Reached XP level 4. HP: 28/33 MP: 4/7
   393 | D        | Reached XP level 5. HP: 33/38 MP: 4/8
   414 | D        | Reached ****** piety under Cheibriados
   414 | D        | Noticed a centaur
   415 | D        | Reached skill level 5 in Long Blades
   415 | D        | Reached skill level 7 in Stealth
   425 | D        | Killed a centaur
   426 | D        | Reached skill level 8 in Stealth
   426 | D        | Reached XP level 6. HP: 11/44 MP: 9/11
   568 | D        | Noticed Duvessa
   573 | D        | Killed Duvessa
   574 | D        | Reached XP level 7. HP: 50/50 MP: 11/13
   587 | D        | Noticed a red devil
   589 | D        | Killed a red devil
   590 | D        | Reached skill level 10 in Stealth
   791 | D        | Noticed a glass eye
   791 | D        | Noticed Blork the orc
   795 | D        | Killed Blork the orc
   798 | D        | Killed a glass eye
   799 | D        | Reached skill level 11 in Stealth
   799 | D        | Reached skill level 10 in Invocations
   799 | D        | Reached XP level 8. HP: 56/56 MP: 13/15
   804 | D        | Reached skill level 10 in Ranged Weapons
  1160 | D        | Noticed a tyrant leech
  1176 | D        | Reached skill level 12 in Stealth
  1206 | D        | Noticed a smoke demon
  1209 | D        | Killed a smoke demon
  1210 | D        | Reached XP level 9. HP: 64/64 MP: 17/17
  1220 | D        | Killed a tyrant leech
  1229 | D        | Noticed a komodo dragon
  1240 | D        | Reached skill level 10 in Long Blades
  1244 | D        | Killed a komodo dragon
  1245 | D        | Reached skill level 5 in Fighting
  1245 | D        | Reached skill level 13 in Stealth
  1671 | D        | Noticed an orange demon
  1678 | D        | Killed from afar by an acid dragon

Illustrated notes

Levels and vault maps discovered:
D:        pitsprint [storerooms_1, entrance_room_1, metal_vault_3, armoury_2,
          mini_pit_1, grid_room_1, main_hall_1, silver_pit, the_coven_1,
          the_vestibule_1, steel_vault_1, golden_pit, hallway_of_sentries,
          crystal_vault_4, iron_vault_1, final_vault]

Skill      XL: |  1  2  3  4  5  6  7  8  9 |
---------------+----------------------------+-----
Dodging        | 2 |  2.3
Invocations    | 1 2 5 7 8 10 11 12 | 12.2
Long Blades    | 1 2 4 5 6 8 9 10 | 10.3
Stealth        | 2 3 6 8 11 12 13 | 13.3
Ranged Weapons | 6 7 8 9 10 11 | 11.1
Fighting       | 3 5 |  5.4

Action                     |  1- 3 |  4- 6 |  7- 9 || total
---------------------------+-------+-------+-------++-------
  Melee: Long sword        |    10 |    16 |       ||    26
         Punch             |     2 |       |     2 ||     4
         Rapier            |       |       |    19 ||    19
         Scimitar          |       |       |    13 ||    13
   Fire: Shortbow          |    30 |    11 |       ||    41
         Orcbow            |       |     1 |       ||     1
 Invoke: Slouch            |       |       |     1 ||     1
Ability: Dig               |     1 |       |       ||     1
    Use: Potion            |     2 |       |     1 ||     3
   Stab: Sleeping          |       |     1 |    10 ||    11
         Invisible         |       |       |     1 ||     1
 Armour: Leather armour    |    26 |    16 |    23 ||    65
  Dodge: Dodged            |    27 |    14 |    17 ||    58

Table legend: (Time is in decaauts)
 A = Elapsed time spent in this place.
 B = Non-inter-level travel time spent in this place.
 C = Inter-level travel time spent in this place.
 D = Time resting spent in this place.
 E = Time spent auto-exploring this place.
 F = Levels seen in this place.
 G = Mean time per level.
                   A        B        C        D        E       F      G
               +--------+--------+--------+--------+--------+-----+--------+
         Total |   1913 |   1797 |    116 |   1179 |      0 |   1 | 1913.0 |
       Dungeon |   1913 |   1797 |    116 |   1179 |      0 |   1 | 1913.0 |
               +--------+--------+--------+--------+--------+-----+--------+

Top non-repeatable levels by time:
       D: 1913 daAuts
